Map: Last Impact

Players

irvinz

  • Race: Zerg Zerg
  • League: Gold
  • Spawn Location: 7:00

Leiferon - Winner!

  • Race: Zerg Zerg
  • Spawn Location: 5:00

Pryce

  • Race: Protoss Protoss
  • Spawn Location: 7:00

BlueHawk

  • Race: Terran Terran
  • League: Silver
  • Spawn Location: 7:00

fortes - Winner!

  • Race: Zerg Zerg
  • League: Silver
  • Spawn Location: 5:00

rod - Winner!

  • Race: Terran Terran
  • Spawn Location: 5:00

DarkTemplar - Winner!

  • Race: Protoss Protoss
  • League: Silver
  • Spawn Location: 5:00

VOD

Have the link to the VOD?

Description

Time

  • Played on: Oct. 19, 2018, 2:44 p.m.
  • Length: 11:59
Show
View Real Time Build Order
Export as new Build Order

irvinz Zerg 

Build Orders: Pool First 

Get SALT Encoding   

  12  0:01  Drone  
  13  0:12  Overlord  
  13  0:18  Drone  
  14  0:31  Drone x2  
  16  0:37  Drone  
  17  0:45  Drone  
  18  0:58  Drone  
  19  1:06  Spawning Pool  
  18  1:17  Drone  
  19  1:18  Hatchery  
  18  1:26  Drone  
  18  1:28  Extractor, Drone  
  19  1:39  Drone  
  20  1:50  Drone  
  21  2:00  Overlord  
  21  2:05  Hatchery  
  20  2:13  Drone  
  21  2:24  Zergling x2  
  22  2:31  Queen, Drone  
  22  2:32  Overlord  
  25  2:45  Drone  
  25  2:46  Drone  
  25  2:48  Queen  
  29  2:54  Drone x2  
  31  3:07  Overlord  
  31  3:08  Drone  
  32  3:15  Metabolic Boost  
  32  3:21  Overlord  
  32  3:25  Drone  
  32  3:26  Drone  
  34  3:29  Drone  
  34  3:30  Drone  
  34  3:32  Drone  
  37  3:35  Drone  
  37  3:37  Drone  
  37  3:39  Drone  
  37  3:41  Drone  
  41  3:44  Drone  
  41  3:45  Drone  
  41  3:46  Drone  
  44  3:49  Drone x2  
  46  3:57  Drone  
  46  3:59  Drone x2  
  46  4:00  Drone  
  46  4:01  Drone x2  
  46  4:02  Extractor  
  51  4:04  Extractor  
  51  4:05  Queen  
  51  4:09  Queen  
  52  4:13  Drone x2  
  52  4:17  Drone x3  
  58  4:21  Drone x2  
  61  4:29  Zergling x6  
  61  4:30  Drone  
  65  4:34  Drone  
  66  4:39  Overlord  
  66  4:42  Overlord  
  66  4:50  Overlord  
  66  4:56  Extractor, Lair  
  66  4:57  Queen, Drone  
  66  4:59  Drone  
  70  5:00  Drone x3  
  70  5:01  Extractor  
  70  5:02  Zergling x4  
  70  5:04  Extractor  
  72  5:10  Zergling x4, Drone x3  
  72  5:11  Drone  
  79  5:14  Drone x3  
  79  5:16  Drone  
  79  5:17  Baneling Nest  
  79  5:20  Zergling x2  
  79  5:21  Zergling x2  
  83  5:26  Drone  
  83  5:27  Zergling x4  
  86  5:35  Drone x2  
  87  5:37  Zergling x4  
  90  5:50  Overlord  
  90  5:56  Overlord  
  90  5:59  Overlord x2  
  90  6:00  Evolution Chamber  
  90  6:01  Evolution Chamber  
  90  6:02  Zergling x4  
  90  6:12  Zergling x6  
  90  6:13  Overlord  
  90  6:16  Spore Crawler  
  90  6:18  Spore Crawler  
  91  6:20  Zergling x8  
  91  6:21  Zergling x4  
  91  6:22  Zergling x2  
  91  6:24  Spore Crawler, Drone  
  96  6:27  Spore Crawler  
  96  6:28  Zergling x4  
  96  6:31  Zerg Melee Weapons Level 1, Zerg Ground Armor Level 1  
  97  6:35  Zergling x2  
  98  6:48  Overlord x2  
  98  6:50  Centrifical Hooks  
  98  6:53  Overlord x3  
  98  6:54  Hydralisk Den  
  98  6:55  Pneumatized Carapace  
  98  6:57  Zergling x2  
  91  7:13  Baneling  
  91  7:14  Baneling x5  
  91  7:17  Zergling x4  
  91  7:18  Zergling x2  
  91  7:19  Zergling x6  
  91  7:22  Zergling x4  
  96  7:26  Zergling x4  
  96  7:27  Zergling x6  
  94  7:41  Zergling x6  
  89  7:47  Overlord x2  
  89  8:00  Spore Crawler  
  89  8:05  Queen x3  
  88  8:07  Overlord x2  
  88  8:09  Zergling x2  
  88  8:10  Zergling x2  
  88  8:11  Hatchery  
  88  8:12  Zergling x4  
  94  8:20  Zergling x6  
  94  8:24  Overlord  
  94  8:27  Spore Crawler  
  94  8:28  Zergling x2  
  94  8:30  Spore Crawler  
  94  8:31  Zerg Melee Weapons Level 2, Zerg Ground Armor Level 2  
  89  8:34  Zergling x2  
  89  8:35  Grooved Spines  
  89  8:36  Hatchery  
  89  8:37  Zergling x2  
  89  8:39  Zergling x2  
  89  8:40  Zergling x2  
  89  8:41  Queen  
  82  8:44  Zergling x2  
  71  8:49  Zergling x2  
  71  8:52  Zergling x2  
  62  8:59  Zergling x2  
  62  9:00  Zergling x2  
  48  9:05  Zergling x4  
  47  9:16  Queen  
  42  9:17  Hydralisk x2  
  42  9:26  Hydralisk x2  
  40  9:38  Drone  
  40  9:39  Drone x3  
  40  9:43  Drone  
  45  9:46  Drone  
  45  9:50  Drone  
  45  9:51  Drone x3  
  45  9:52  Queen  
  50  9:55  Drone  
  50  9:59  Drone  
  54  10:00  Queen, Drone x4  
  54  10:01  Queen  
  54  10:05  Drone  
  63  10:11  Drone x3  
  65  10:15  Zergling x2  
  65  10:18  Drone  
  65  10:19  Drone x2  
  67  10:21  Drone  
  67  10:26  Drone x2  
  64  10:32  Zergling x6  
  55  10:40  Hydralisk x2  
  50  10:47  Hydralisk  
  51  10:54  Hydralisk  
  41  11:04  Hydralisk  
  40  11:18  Hydralisk  
Show
View Real Time Build Order
Export as new Build Order

Leiferon Zerg - Winner!

Build Orders: Hatch First 

Get SALT Encoding   

  12  0:02  Drone  
  13  0:09  Drone  
  14  0:17  Overlord  
  14  0:36  Drone x2  
  16  0:46  Drone  
  17  0:52  Drone  
  18  0:58  Drone  
  19  1:13  Overlord  
  19  1:16  Hatchery  
  18  1:20  Drone  
  19  1:31  Spawning Pool, Drone  
  19  1:44  Extractor, Drone  
  19  1:52  Drone  
  20  2:02  Drone  
  21  2:14  Drone  
  22  2:17  Queen  
  24  2:31  Drone x2  
  24  2:32  Queen, Evolution Chamber  
  24  2:36  Drone  
  28  2:45  Drone  
  29  2:56  Drone  
  29  2:57  Drone  
  31  3:00  Extractor  
  30  3:08  Drone  
  30  3:10  Roach Warren  
  30  3:15  Overlord x2  
  30  3:18  Drone x2  
  32  3:27  Drone  
  32  3:28  Drone x2  
  32  3:31  Zerg Melee Weapons Level 1  
  32  3:33  Lair  
  35  3:36  Zergling x2  
  36  3:42  Overlord x2  
  36  3:43  Overlord  
  36  3:44  Overlord  
  36  4:00  Zergling x4  
  38  4:04  Zergling x2  
  38  4:05  Zergling x6  
  38  4:08  Zergling x6  
  45  4:20  Drone x2  
  47  4:27  Drone x2  
  49  4:39  Drone  
  49  4:40  Drone x2  
  52  4:49  Metabolic Boost  
  52  5:11  Zergling x2  
  52  5:12  Zergling x10  
  58  5:15  Zergling x10  
  58  5:18  Extractor  
  58  5:21  Extractor  
  61  5:25  Zerg Ground Armor Level 1  
  61  5:33  Spire  
  60  5:39  Drone x2  
  60  5:41  Overlord, Drone x2  
  60  5:42  Drone  
  64  5:53  Drone x4  
  68  6:13  Drone x3  
  71  6:23  Drone x5  
  76  6:45  Mutalisk x3  
  76  6:46  Mutalisk  
  84  6:56  Mutalisk x3  
  84  6:57  Mutalisk, Overlord, Infestation Pit  
  84  7:32  Zergling x4  
  84  7:33  Zergling x12, Mutalisk  
  84  7:34  Zergling x2, Mutalisk  
  92  7:50  Zerg Flyer Weapons Level 1  
  92  7:56  Spire  
  91  7:59  Zerg Melee Weapons Level 2  
  91  8:03  Drone x2  
  91  8:04  Zergling x8  
  88  8:49  Zergling x2  
  88  8:50  Zergling x12  
  88  8:51  Zergling x2  
  96  9:05  Zergling x6  
  99  9:10  Hatchery  
  94  9:31  Zerg Flyer Armor Level 1  
  94  9:43  Hive  
  94  9:46  Overlord x2  
  94  9:47  Overlord  
  65  10:42  Mutalisk x3  
  65  10:43  Mutalisk x7  
  65  10:44  Mutalisk x4  
  93  10:51  Queen  
  95  11:06  Hatchery  
  94  11:23  Ultralisk Cavern, Mutalisk  
  94  11:25  Zergling x12  
  100  11:26  Zergling x10  
  100  11:27  Zergling x4  
Show
View Real Time Build Order
Export as new Build Order

Pryce Protoss 

Build Orders:  

Get SALT Encoding   

  1  0:00  Probe  
  13  0:19  Probe  
  14  0:28  Pylon  
  14  0:51  Gateway  
  14  0:54  Probe  
  15  1:06  Probe  
  16  1:13  Pylon  
  16  1:36  Probe  
  17  1:45  Cybernetics Core  
  17  1:48  Assimilator  
  17  1:58  Pylon  
  17  2:05  Probe  
  17  2:13  Probe  
  19  2:40  Warp Gate  
  19  2:43  Assimilator, Nexus  
  19  2:47  Probe  
  20  3:05  Probe  
  20  3:06  Pylon  
  21  3:13  Probe  
  21  3:18  Forge  
  22  3:25  Probe  
  22  3:33  Probe  
  24  3:41  Probe  
  25  3:53  Probe  
  26  3:59  Probe, Assimilator  
  27  4:06  Probe  
  27  4:07  Probe  
  28  4:16  Probe  
  29  4:18  Probe  
  31  4:27  Gateway  
  31  4:28  Probe  
  31  4:30  Probe  
  33  4:34  Protoss Air Armor Level 1  
  33  4:41  Probe  
  33  4:44  Stalker  
  36  4:53  Probe  
  37  5:05  Probe  
  38  5:12  Photon Cannon  
  38  5:17  Probe  
  38  5:18  Photon Cannon  
  39  5:25  Photon Cannon  
  39  5:29  Probe  
  39  5:30  Assimilator  
  40  5:38  Pylon  
  40  6:02  Photon Cannon  
  40  6:07  Photon Cannon  
  40  6:19  Pylon  
  40  6:28  Protoss Air Weapons Level 1  
  40  6:29  Stargate  
  40  6:30  Probe  
  41  6:42  Probe  
  42  7:01  Void Ray  
  45  7:30  Void Ray  
  45  8:13  Void Ray  
  49  8:23  Photon Cannon  
  49  8:26  Photon Cannon  
  49  8:29  Photon Cannon  
  49  8:35  Photon Cannon  
  49  8:50  Stargate  
  49  8:53  Stargate  
  49  8:56  Fleet Beacon, Void Ray  
  49  9:01  Stargate  
  53  9:10  Pylon  
  53  9:40  Twilight Council  
  57  9:49  Void Ray  
  57  9:50  Void Ray x2  
  69  10:20  Void Ray  
  69  10:22  Pylon  
  69  10:34  Pylon  
  81  10:47  Pylon  
  45  11:23  Stalker  
  45  11:24  Stalker  
Show
View Real Time Build Order
Export as new Build Order

BlueHawk Terran 

Build Orders: Reaper Expand 

Get SALT Encoding   

  12  0:01  SCV  
  13  0:15  Supply Depot  
  13  0:18  SCV  
  14  0:30  SCV  
  14  0:31  Refinery  
  15  0:42  Barracks  
  15  0:52  SCV  
  16  1:04  SCV  
  18  1:21  SCV  
  18  1:31  Reaper  
  19  1:35  Orbital Command  
  19  1:51  Command Center  
  19  2:01  SCV  
  20  2:09  Factory  
  20  2:15  Barracks Reactor  
  20  2:16  SCV  
  21  2:36  SCV  
  22  2:53  SCV  
  22  2:57  Factory Tech Lab  
  23  3:03  Refinery  
  23  3:13  Barracks  
  23  3:24  Marine x2  
  23  3:26  Siege Tank  
  28  3:32  Barracks  
  28  3:37  Orbital Command  
  28  3:39  SCV  
  28  3:40  Refinery  
  29  3:42  Marine  
  29  3:47  Marine  
  31  3:51  SCV  
  31  4:03  Marine, SCV  
  31  4:09  Engineering Bay  
  33  4:13  Engineering Bay  
  33  4:14  Supply Depot  
  33  4:15  SCV  
  33  4:16  Supply Depot x2  
  33  4:17  Marine  
  34  4:20  Barracks Tech Lab  
  35  4:30  Starport  
  35  4:31  SCV  
  36  4:43  Refinery, SCV  
  36  4:44  SCV  
  38  4:45  Marine  
  38  4:46  Marine x2  
  38  4:48  Stimpack  
  41  4:57  Terran Infantry Weapons Level 1  
  41  4:59  SCV  
  43  5:00  SCV  
  43  5:01  Marine  
  43  5:07  Marine x2  
  44  5:12  SCV  
  44  5:13  SCV  
  48  5:17  Marine  
  48  5:18  Siege Tank  
  48  5:20  Starport Reactor  
  52  5:26  SCV x2  
  54  5:32  Supply Depot  
  54  5:51  Marine x4  
  54  5:54  Siege Tank  
  54  5:55  SCV x2  
  63  6:07  SCV  
  63  6:09  Marine x2  
  66  6:15  Missile Turret  
  66  6:16  Command Center  
  66  6:21  SCV  
  66  6:22  SCV  
  66  6:24  Marine x2  
  70  6:37  Missile Turret  
  70  6:47  Command Center  
  70  6:55  Supply Depot  
  70  6:59  Missile Turret  
  70  7:00  Supply Depot  
  70  7:17  Marine x4, SCV x2  
  70  7:22  Missile Turret  
  76  7:29  SCV  
  77  7:33  SCV x2  
  77  7:34  Marine x4  
  77  7:35  Medivac x2  
  77  7:36  Siege Tank  
  90  7:41  SCV  
  91  7:52  Marine x4  
  95  8:00  SCV x2  
  95  8:03  Orbital Command  
  97  8:09  Planetary Fortress  
  97  8:10  Marine x4  
  97  8:12  SCV  
  102  8:22  SCV  
  102  8:24  SCV  
  102  8:27  Siege Tank  
  107  8:28  Marine x3  
  107  8:31  Missile Turret  
  110  8:35  SCV  
  110  8:41  Missile Turret x2  
  111  8:42  Missile Turret  
  111  8:45  Refinery x2  
  111  8:49  Refinery  
  111  8:52  Terran Infantry Armor Level 1  
  111  8:53  SCV  
  111  8:54  SCV x3  
  115  9:05  Marine  
  116  9:15  SCV, Medivac  
  116  9:17  Siege Tank, Marine, SCV  
  116  9:31  Marine, SCV x2  
  116  9:34  Marine  
  116  9:38  Marine  
  116  9:39  Medivac  
  116  9:45  Medivac  
  114  9:48  Marine  
  114  9:49  Marine  
  116  9:58  Supply Depot  
  116  10:00  Marine x2  
  116  10:02  Supply Depot  
  116  10:03  Siege Tank  
  116  10:04  Supply Depot x2  
  116  10:05  Supply Depot x2  
  116  10:06  Supply Depot  
  116  10:07  Supply Depot  
  116  10:12  Marine  
  116  10:13  Medivac  
  109  10:20  Marine  
  109  10:21  Marine x2  
  81  10:30  Marine  
  81  10:31  Starport  
  81  10:34  Starport  
  82  10:38  Siege Tank, Marine x2  
  82  10:39  Marine, Starport  
  88  10:47  Marine  
  88  10:49  SCV x3  
  93  10:50  SCV  
  93  10:56  Marine x3, Factory  
  96  11:01  SCV x2  
  96  11:02  Factory  
  98  11:05  Marine  
  99  11:14  Marine x3  
  102  11:19  Viking  
  102  11:20  Viking x4  
  102  11:23  Siege Tank, Marine  
  116  11:32  Marine x3  
Show
View Real Time Build Order
Export as new Build Order

fortes Zerg - Winner!

Build Orders: Hatch First 

Get SALT Encoding   

  12  0:01  Drone  
  13  0:12  Overlord  
  13  0:18  Drone  
  14  0:31  Drone x2  
  16  0:40  Drone  
  17  0:57  Hatchery, Drone  
  17  1:01  Drone  
  18  1:10  Drone  
  19  1:21  Spawning Pool  
  19  1:23  Drone  
  19  1:32  Drone  
  20  1:39  Drone  
  21  1:50  Drone  
  22  1:55  Extractor  
  22  2:00  Overlord  
  21  2:09  Queen  
  21  2:14  Drone  
  24  2:20  Drone x2  
  26  2:25  Queen  
  28  2:43  Drone x4  
  28  2:44  Drone  
  33  2:53  Overlord  
  33  3:02  Drone  
  33  3:04  Queen  
  36  3:07  Lair  
  36  3:18  Drone x4  
  40  3:25  Spine Crawler  
  39  3:27  Drone  
  39  3:28  Drone x3  
  43  3:37  Drone  
  43  3:39  Overlord x2  
  44  3:53  Overlord  
  44  3:57  Overlord  
  44  4:00  Extractor  
  44  4:02  Extractor, Drone x4  
  46  4:11  Roach Warren  
  46  4:12  Extractor, Drone  
  45  4:23  Drone  
  46  4:26  Drone  
  46  4:30  Hatchery, Drone  
  47  4:37  Drone x2  
  49  4:48  Drone  
  49  4:49  Drone x3  
  53  5:00  Drone x4  
  53  5:04  Roach  
  59  5:07  Glial Reconstitution  
  59  5:16  Evolution Chamber  
  59  5:20  Drone  
  59  5:21  Drone x7  
  66  5:32  Roach x2  
  70  5:44  Queen  
  70  5:47  Drone  
  70  5:48  Roach x2  
  70  5:49  Roach x2  
  81  5:50  Overlord x3  
  81  6:01  Spine Crawler  
  80  6:05  Drone x2  
  82  6:13  Spine Crawler  
  82  6:14  Roach x7  
  95  6:24  Roach  
  95  6:25  Roach x4  
  105  6:30  Overlord x2  
  105  6:51  Roach x8  
  111  7:55  Roach x3  
  111  7:56  Roach x7  
  121  8:02  Overlord x3  
  121  8:06  Drone  
  121  8:10  Overlord x2  
  100  8:57  Roach x19  
  138  9:09  Roach x3  
  128  9:41  Roach x10  
  128  9:42  Roach x2  
  136  9:54  Roach x5  
  138  10:35  Roach x11  
  160  10:59  Roach  
  160  11:02  Overlord x2  
  160  11:03  Overlord x2  
  140  11:38  Roach x5  
  140  11:39  Roach x4  
Show
View Real Time Build Order
Export as new Build Order

rod Terran - Winner!

Build Orders: MMM Bio 

Get SALT Encoding   

  12  0:00  SCV  
  13  0:13  SCV  
  14  0:25  SCV  
  15  0:30  Supply Depot  
  15  0:44  Refinery  
  15  0:52  SCV  
  16  0:57  Barracks  
  16  1:04  SCV  
  17  1:16  SCV  
  18  1:28  SCV  
  18  1:32  Refinery  
  19  1:36  Supply Depot  
  19  1:40  SCV  
  19  1:44  Marine  
  19  1:45  Barracks  
  21  1:53  SCV  
  22  1:59  Supply Depot  
  22  2:02  Marine  
  22  2:06  Orbital Command  
  23  2:20  Marine  
  24  2:40  Command Center  
  23  2:47  SCV  
  24  2:59  SCV  
  25  3:09  Barracks Reactor  
  25  3:11  SCV, Barracks Tech Lab  
  26  3:32  SCV  
  27  3:37  Marine  
  28  3:42  Stimpack  
  28  3:44  SCV  
  29  3:51  Engineering Bay  
  29  3:54  Factory  
  29  3:55  Marine  
  30  3:56  SCV  
  31  4:05  SCV  
  31  4:08  SCV  
  33  4:12  Marine  
  33  4:15  Marine x2  
  36  4:17  SCV  
  36  4:20  SCV  
  38  4:29  SCV  
  38  4:30  Marine  
  40  4:33  Marine x2  
  40  4:34  Engineering Bay  
  42  4:41  SCV  
  43  4:48  Marine  
  43  4:50  Marine x2  
  43  4:52  Terran Infantry Weapons Level 1  
  46  4:53  SCV  
  47  5:05  SCV  
  47  5:06  Marine  
  47  5:07  Starport  
  49  5:08  Marine x2  
  49  5:09  Factory Tech Lab  
  51  5:17  SCV  
  52  5:24  Marine  
  52  5:26  Marine  
  54  5:30  Terran Infantry Armor Level 1  
  54  5:40  Supply Depot  
  54  5:42  Combat Shields  
  54  5:57  Armory  
  54  6:01  Marine x3, SCV  
  54  6:02  Supply Depot  
  58  6:04  Supply Depot  
  58  6:13  SCV  
  59  6:19  Marine x3  
  59  6:25  Supply Depot, SCV  
  56  6:26  Supply Depot  
  56  6:30  Medivac  
  59  6:36  Marine x2  
  59  6:37  SCV  
  62  6:41  Siege Tank  
  65  6:47  Marine  
  65  6:49  Supply Depot  
  65  6:50  SCV  
  67  6:54  Marine x2  
  67  7:00  Medivac  
  71  7:01  Refinery  
  71  7:03  Refinery  
  71  7:04  Orbital Command  
  71  7:05  Marine  
  72  7:13  Siege Tank  
  75  7:32  Marine x3  
  75  7:34  Medivac  
  75  7:35  SCV  
  67  7:46  Siege Tank  
  67  7:47  SCV  
  67  7:50  Marine x3  
  74  7:59  SCV  
  75  8:08  Marine x3  
  75  8:10  Medivac  
  75  8:12  Terran Infantry Armor Level 2  
  80  8:16  Terran Infantry Weapons Level 2  
  80  8:18  Siege Tank  
  83  8:24  SCV  
  83  8:25  Marine  
  85  8:35  Missile Turret  
  85  8:36  SCV  
  86  8:48  SCV  
  87  8:56  Missile Turret  
  76  9:22  Marine x2, Missile Turret  
  76  9:23  Marine  
  72  9:40  Marine x3  
  72  9:44  Missile Turret  
  75  9:48  Supply Depot  
  75  9:55  Barracks  
  75  9:58  Marine x3  
  78  10:00  Terran Vehicle Weapons Level 1  
  78  10:03  Medivac  
  80  10:10  Supply Depot  
  80  10:16  Marine x3  
  83  10:33  Supply Depot, Marine, Medivac  
  83  10:34  Marine x2  
  88  10:37  Supply Depot  
  88  10:43  Barracks  
  88  10:51  Marine x2  
  88  10:52  Marine  
  91  10:57  Supply Depot  
  91  10:59  Supply Depot  
  91  11:08  Command Center  
  91  11:09  Marine x3  
  94  11:20  Supply Depot  
  94  11:21  Supply Depot  
  94  11:27  Marine  
  94  11:31  Barracks  
  95  11:37  SCV  
  96  11:42  Supply Depot  
  96  11:43  Supply Depot  
  96  11:49  Missile Turret  
Show
View Real Time Build Order
Export as new Build Order

DarkTemplar Protoss - Winner!

Build Orders:  

Get SALT Encoding   

  12  0:01  Probe  
  13  0:13  Probe  
  14  0:24  Pylon  
  14  0:25  Probe  
  15  0:36  Assimilator  
  15  0:39  Probe  
  16  0:47  Probe  
  16  0:55  Probe  
  17  1:03  Probe  
  19  1:31  Nexus  
  19  1:32  Pylon  
  19  1:42  Probe  
  19  1:46  Assimilator  
  20  1:54  Probe  
  21  2:02  Gateway  
  21  2:06  Probe  
  21  2:18  Probe  
  22  2:26  Probe  
  22  2:34  Probe  
  22  2:35  Pylon  
  24  2:45  Probe x2  
  26  2:52  Assimilator  
  26  2:57  Probe  
  27  3:02  Cybernetics Core  
  27  3:06  Pylon  
  27  3:08  Probe  
  27  3:09  Probe  
  29  3:15  Pylon  
  29  3:21  Probe  
  30  3:28  Cybernetics Core  
  30  3:31  Probe, Pylon  
  30  3:33  Gateway, Probe  
  32  3:43  Probe, Assimilator  
  33  3:50  Stargate  
  33  3:53  Probe  
  34  4:05  Warp Gate  
  34  4:09  Stargate, Probe  
  35  4:10  Probe  
  35  4:11  Stargate  
  35  4:12  Protoss Air Weapons Level 1  
  35  4:15  Pylon  
  36  4:22  Probe x2  
  38  4:34  Probe  
  39  4:41  Probe  
  40  4:46  Probe  
  41  4:53  Gateway, Forge  
  41  4:55  Probe  
  41  4:56  Pylon  
  41  4:58  Probe  
  43  5:12  Fleet Beacon  
  43  5:14  Probe x2  
  43  5:18  Pylon  
  45  5:29  Phoenix x2  
  45  5:30  Phoenix  
  51  5:37  Stargate  
  50  6:03  Protoss Air Armor Level 1  
  50  6:09  Protoss Air Weapons Level 2  
  50  6:13  Probe  
  50  6:14  Nexus  
  51  6:29  Carrier x2  
  63  6:38  Pylon  
  63  6:53  Probe  
  64  6:54  Carrier  
  70  7:24  Gateway, Probe x2  
  70  7:26  Gateway  
  70  7:29  Gateway  
  70  7:36  Carrier, Probe x2  
  72  7:52  Probe x2  
  72  7:53  Probe  
  72  7:55  Carrier  
  87  7:59  Carrier  
  93  8:36  Protoss Air Weapons Level 3  
  93  8:43  Photon Cannon  
  93  8:46  Carrier, Photon Cannon  
  99  8:50  Photon Cannon  
  99  8:53  Protoss Ground Weapons Level 1  
  99  8:56  Pylon  
  99  8:57  Pylon  
  99  9:00  Assimilator  
  99  9:04  Assimilator  
  99  9:19  Shield Battery  
  99  9:21  Shield Battery  
  99  9:22  Carrier  
  99  9:23  Gateway  
  105  9:25  Gateway  
  105  9:28  Pylon  
  105  9:30  Pylon  
  105  9:36  Carrier  
  111  9:42  Probe x3  
  114  9:54  Probe x2  
  116  10:06  Carrier  
  120  10:42  Nexus  
  126  10:44  Assimilator  
  126  10:48  Assimilator  
  126  10:51  Pylon  
  126  10:53  Pylon  
Tags
 
Add a new tag
Caveats
  • Supply blocks, unpowered buildings, or Contaminate may cause inaccurate times.
  • Supply counts are checked every 10 seconds.